 Dungeon Crawl Stone Soup version 0.24.0-35-gdb84b6a5db (webtiles) character file.

Game seed: 11615228792326490770, levelgen mode: deterministic

7834 Delamore the Severer (level 11, -5/95 HPs)
             Began as a Hill Orc Fighter on Nov 19, 2019.
             Was a Priest of Qazlal.
             Slain by a four-headed hydra (13 damage)
             ... on level 11 of the Dungeon.
             The game lasted 00:20:24 (12630 turns).

Delamore the Severer (Hill Orc Fighter)            Turns: 12630, Time: 00:20:25

Health: -5/95      AC: 10    Str: 29    XL:     11   Next: 21%
Magic:  11/11      EV:  8    Int:  3    God:    Qazlal [***...]
Gold:   549        SH: 14    Dex: 10    Spells: 10/10 levels left

rFire    + + .     SeeInvis .   a - +0 war axe
rCold    + . .     Gourm    .   c - +0 shield
rNeg     + . .     Faith    .   B - +2 ring mail {MR+}
rPois    .         Spirit   .   J - +0 helmet (curse)
rElec    .         Reflect  .   C - scarf {rC+ rF+}
rCorr    .         Harm     .   i - +0 pair of gloves
MR       ++...                  (no boots)
Stlth    ..........             u - amulet of rage
HPRegen  0.25/turn              n - ring of protection from fire
MPRegen  0.12/turn              I - ring of Incredulity {rN+ MR+ Str+6 Int-5}

@: about to teleport, barbed spikes
A: no striking features
a: Upheaval, Elemental Force, Renounce Religion, Evoke Berserk Rage


You were on level 11 of the Dungeon.
You worshipped Qazlal.
Qazlal was most pleased with you.
You were hungry.

You visited 1 branch of the dungeon, and saw 11 of its levels.

You collected 574 gold pieces.
You spent 25 gold pieces at shops.

Inventory:

Hand Weapons
 a - a +0 war axe (weapon)
Missiles
 t - 6 boomerangs (quivered)
 K - 32 poisoned darts
Armour
 c - a +0 shield (worn)
 g - a +3 chain mail of positive energy
 i - a +0 pair of gloves (worn)
 q - a +0 helmet
 r - a scarf of spirit shield
 A - a +2 scale mail of poison resistance
 B - a +2 ring mail of magic resistance (worn)
 C - a scarf of resistance (worn)
 J - a cursed +0 helmet (worn)
Jewellery
 l - an uncursed ring of protection from fire
 n - a ring of protection from fire (left hand)
 u - an amulet of rage (around neck)
 I - the ring of Incredulity (right hand) {rN+ MR+ Str+6 Int-5}
   (You found it on level 10 of the Dungeon)

   [ring of positive energy]

   It affects your strength (+6).
   It affects your intelligence (-5).
   It protects you from negative energy.
   It affects your resistance to hostile enchantments.
Wands
 h - a wand of flame (9)
 G - a wand of disintegration (24)
 H - a wand of random effects (14)
Scrolls
 j - a scroll of fog
 k - 3 scrolls of teleportation
 o - 4 scrolls of remove curse
 v - a scroll of enchant weapon
 x - a scroll of magic mapping
 y - 2 scrolls of amnesia
 z - a scroll of fear
 E - 2 scrolls of immolation {unknown}
Potions
 b - a potion of brilliance
 d - 3 potions of might
 e - a potion of magic
 m - a potion of curing {unknown}
 p - 2 potions of mutation {unknown}
 s - a potion of lignification {unknown}
 w - a potion of agility {unknown}
Comestibles
 f - 17 rations


   Skills:
 - Level 8.9 Fighting
 - Level 18.6 Axes
 - Level 3.2 Armour
 - Level 3.2 Shields
 * Level 1.2 Invocations


You had 10 spell levels left.
You didn't know any spells.
Your spell library contained the following spells:

 Spells                   Type           Power        Failure   Level  Hunger
 Animate Skeleton         Necr           N/A          99%         1    ##.....
 Apportation              Tloc           #.....       99%         1    ##.....
 Confusing Touch          Hex            #.....       99%         1    ##.....
 Corona                   Hex            #......      99%         1    ##.....
 Magic Dart               Conj           #...         99%         1    ##.....
 Pain                     Necr           #...         99%         1    ##.....
 Summon Small Mammal      Summ           #...         99%         1    ##.....
 Searing Ray              Conj           #.....       99%         2    ###....
 Slow                     Hex            #.......     99%         2    ###....
 Confuse                  Hex            #.......     100%        3    ####...
 Dazzling Spray           Conj/Hex       #.....       100%        3    ####...
 Gell's Gravitas          Tloc           #.........   100%        3    ####...
 Inner Flame              Hex/Fire       #.......     100%        3    ####...
 Portal Projectile        Hex/Tloc       #.....       100%        3    ####...
 Regeneration             Chrm/Necr      #.........   100%        3    ####...
 Vampiric Draining        Necr           #.........   100%        3    ####...
 Animate Dead             Necr           N/A          100%        4    #####..
 Cause Fear               Hex            #.........   100%        4    #####..
 Force Lance              Conj/Tloc      #.......     100%        4    #####..
 Fulminant Prism          Conj/Hex       #.........   100%        4    #####..
 Iskenderun's Mystic Bla  Conj           #.......     100%        4    #####..
 Leda's Liquefaction      Hex/Erth       #.........   100%        4    #####..
 Petrify                  Tmut/Erth      #.......     100%        4    #####..
 Bolt of Magma            Conj/Fire/Erth #.........   100%        5    ######.
 Iskenderun's Battlesphe  Conj/Chrm      #.......     100%        5    ######.
 Metabolic Englaciation   Hex/Ice        #.........   100%        5    ######.
 Venom Bolt               Conj/Pois      #.........   100%        5    ######.
 Yara's Violent Unravell  Hex/Tmut       #.........   100%        5    ######.
 Iron Shot                Conj/Erth      #.........   100%        6    #######
 Orb of Destruction       Conj           #.........   100%        7    #######
 Spellforged Servitor     Conj/Summ      #.........   100%        7    #######


Dungeon Overview and Level Annotations

Branches:
Dungeon (11/15)            Temple (0/1) D:6            Lair (0/6) D:8
    Orc (0/2) D:10

Altars:
Ashenzari
Cheibriados
Fedhas
Kikubaaqudgha
Okawaru
Qazlal
Sif Muna
Trog
Uskayaw
Wu Jian
Xom
Yredelemnul
Zin
The Shining One

Shops:
D:9 :[*(}


Message History

The green very ugly thing easily resists.
The deep elf mage mumbles some strange words.
The deep elf mage blinks!
Okay, then.
The barbs in your skin will harm you if you move.
Continue?
Okay, then.
Okay, then.
It was a potion of haste.
You feel yourself speed up.
It was a potion of cancellation.
Your magical effects are unravelling.
You feel magically purged.
You feel yourself slow down.
You block the four-headed hydra's attack.
The four-headed hydra barely misses you.
You block the four-headed hydra's attack.
The four-headed hydra bites you.
* * * LOW HITPOINT WARNING * * *
As you read the scroll of teleportation, it crumbles to dust.
You feel strangely unstable. The four-headed hydra bites you!
You die...

..................
..................
..........<....)..
..................
.................#
.................# ....
.................# ......
........#######..# #......
........# #.@######.....
........# #☼Du..........
#####'#.# #..........#
......#.# #..........#
......#.#######........e.#
......#..........>.....O.# .#
......#..>........#####..# .#
#######...........#..^#..# .#
................#...#..#####.##


You could see a green very ugly thing, a four-headed hydra, a deep elf mage and
an ogre.

Vanquished Creatures
  A two-headed ogre (D:9)
  A dancing weapon (D:7)
  The ghost of peeb the Skirmisher, a novice TrHu of Okawaru (D:7)
  A cyclops (D:10)
  An elephant (D:7)
  2 trolls
  A hippogriff (D:10)
  A yak (D:7)
  A basilisk (D:7)
  A hungry ghost (D:10)
  Edmund (D:5)
  A two-headed ogre zombie (D:10)
  A water moccasin (D:7)
  2 sky beasts
  3 phantoms
  2 orc warriors
  3 centaurs
  4 ogres
  2 crocodiles
  Blork the orc (D:4)
  6 bullfrogs
  4 scorpions
  8 killer bees
  5 wights (D:6)
  A howler monkey (D:4)
  A crimson imp (D:11)
  A bullfrog zombie (D:5)
  4 hounds
  9 orc priests
  2 quasits
  10 orc wizards
  4 iguanas
  A bullfrog skeleton (D:6)
  A worker ant (D:8)
  A killer bee zombie (D:5)
  7 ogre zombies (D:10)
  3 hound skeletons
  4 worker ant zombies
  Robin (D:3)
  8 adders
  2 shadow imps
  2 oozes
  An adder skeleton (D:6)
  A worm (D:3)
  2 dart slugs
  5 leopard geckos
  22 orcs
  4 ball pythons
  3 giant cockroaches
  18 goblins
  8 hobgoblins
  6 jackals
  2 kobolds
  5 quokkas
  7 bats
  6 frilled lizards
  A goblin skeleton (D:10)
  5 goblin zombies (D:10)
  A hobgoblin skeleton (D:10)
  3 hobgoblin zombies (D:10)
  A leopard gecko skeleton (D:4)
  5 orc skeletons (D:10)
  10 orc zombies (D:10)
  A quokka skeleton (D:4)
  A quokka zombie (D:9)
  8 rats
242 creatures vanquished.

Vanquished Creatures (others)
  An adder (D:11)
1 creature vanquished.

Grand Total: 243 creatures vanquished

Notes
Turn   | Place    | Note
-------+----------+-------------------------------------------
     0 | D:1      | Delamore the Hill Orc Fighter began the quest for the Orb.
     0 | D:1      | Reached XP level 1. HP: 19/19 MP: 1/1
    28 | D:1      | Reached skill level 3 in Axes
   190 | D:1      | Reached XP level 2. HP: 26/26 MP: 2/2
   208 | D:1      | Reached skill level 4 in Axes
   412 | D:1      | Reached XP level 3. HP: 31/31 MP: 3/3
  1086 | D:2      | Reached skill level 5 in Axes
  1368 | D:2      | Found a glowing silver altar of Zin.
  1990 | D:3      | Reached XP level 4. HP: 35/39 MP: 4/4
  2001 | D:3      | Reached skill level 6 in Axes
  2236 | D:3      | Reached XP level 5. HP: 45/45 MP: 5/5
  2272 | D:3      | Noticed Robin
  2295 | D:3      | Killed Robin
  2295 | D:3      | Reached skill level 7 in Axes
  2504 | D:3      | Found a stormy altar of Qazlal.
  2509 | D:3      | Found a snail-covered altar of Cheibriados.
  2514 | D:3      | Became a worshipper of Qazlal Stormbringer
  2708 | D:4      | Reached skill level 8 in Axes
  2708 | D:4      | Reached XP level 6. HP: 51/51 MP: 6/6
  2987 | D:4      | Got a scorched flail
  2988 | D:4      | Identified the +0 flail of Valiance {vamp, rPois} (You
                  | found it on level 4 of the Dungeon)
  3019 | D:4      | Reached skill level 9 in Axes
  3396 | D:5      | Entered Level 5 of the Dungeon
  3419 | D:5      | Reached XP level 7. HP: 51/57 MP: 7/7
  3422 | D:5      | Noticed Blork the orc
  3694 | D:4      | Killed Blork the orc
  3694 | D:4      | Reached skill level 10 in Axes
  3989 | D:5      | Noticed Edmund
  4013 | D:5      | Killed Edmund
  4013 | D:5      | Reached skill level 11 in Axes
  4505 | D:5      | Reached * piety under Qazlal
  4505 | D:5      | Reached XP level 8. HP: 64/64 MP: 8/8
  4629 | D:5      | Reached skill level 12 in Axes
  4968 | D:5      | Found a glowing golden altar of the Shining One.
  4968 | D:5      | Found an ornate altar of the Wu Jian Council.
  4968 | D:5      | Found an ancient bone altar of Kikubaaqudgha.
  4968 | D:5      | Found a hide-covered altar of Uskayaw.
  4975 | D:5      | Found a shattered altar of Ashenzari.
  4975 | D:5      | Found a basalt altar of Yredelemnul.
  5295 | D:6      | Reached skill level 13 in Axes
  5324 | D:6      | Found a staircase to the Ecumenical Temple.
  5816 | D:6      | Found a shimmering blue altar of Sif Muna.
  6070 | D:7      | Reached XP level 9. HP: 70/70 MP: 9/9
  6107 | D:7      | Reached skill level 14 in Axes
  6538 | D:7      | Noticed a +2 short sword of chaos
  6539 | D:7      | Found a runed translucent door.
  6539 | D:7      | Found a shimmering altar of Xom.
  6539 | D:7      | Noticed peeb's ghost (novice TrHu)
  6569 | D:7      | Killed a +2 short sword of chaos
  6569 | D:7      | Reached skill level 15 in Axes
  6579 | D:7      | Killed peeb's ghost
  6579 | D:7      | Reached skill level 16 in Axes
  7689 | D:7      | Reached XP level 10. HP: 47/77 MP: 10/10
  7928 | D:8      | Noticed an elephant
  7956 | D:7      | Killed an elephant
  7956 | D:7      | Reached skill level 17 in Axes
  8893 | D:8      | Found a staircase to the Lair.
  8918 | D:8      | Reached ** piety under Qazlal
  9489 | D:8      | Found a bloodstained altar of Trog.
  9489 | D:8      | Found a blossoming altar of Fedhas.
  9757 | D:9      | Found Daitewye's Gadget Emporium.
  9785 | D:9      | Found Xyckohiw's Weapon Boutique.
  9802 | D:9      | Reached skill level 18 in Axes
  9928 | D:9      | Found an iron altar of Okawaru.
  9944 | D:9      | Found Enyusk's Book Shoppe.
  9989 | D:9      | Found Lyrrul's Armour Boutique.
  9995 | D:9      | Reached skill level 5 in Fighting
 10290 | D:9      | You fall into a shaft and drop 1 floor!
 10290 | D:10     | Entered Level 10 of the Dungeon
 10290 | D:10     | Found a staircase to the Orcish Mines.
 10473 | D:9      | Found Siw Alic's Assorted Antiques.
 10483 | D:9      | Bought a dark potion for 25 gold pieces
 10880 | D:10     | Noticed a two-headed ogre
 11165 | D:9      | Killed a two-headed ogre
 11644 | D:10     | Found a bloodstained altar of Trog.
 11652 | D:10     | Got a brightly glowing brass ring
 11653 | D:10     | Identified the ring of Incredulity {rN+ MR+ Str+6 Int-5}
                  | (You found it on level 10 of the Dungeon)
 11760 | D:10     | Reached *** piety under Qazlal
 11914 | D:10     | Reached XP level 11. HP: 83/92 MP: 11/11
 11993 | D:10     | Noticed a cyclops
 12007 | D:10     | Killed a cyclops
 12591 | D:11     | Reached skill level 1 in Invocations
 12603 | D:11     | Noticed a deep elf mage
 12603 | D:11     | Noticed a four-headed hydra
 12603 | D:11     | Noticed a green very ugly thing
 12609 | D:11     | Noticed a manticore
 12611 | D:11     | Found the +7 captain's cutlass {speed, disarm}
 12630 | D:11     | Slain by a four-headed hydra

Levels and vault maps discovered:
D:1:      lemuel_arrival_tunnels, layout_basic
D:2:      wad_pebble_path, layout_loops_corners, lemuel_doored_altar,
          serial_bayou, serial_bayou_pond_e, serial_bayou_lagoon_a,
          serial_bayou_pond_e, serial_bayou_pond_a, chequers_big_river
D:3:      lemuel_upstairs_altar, layout_rooms, grunt_temple_overflow_open,
          serial_bayou_pond_a, uniq_robin
D:4:      layout_basic, minivault_19
D:5:      layout_rooms, minmay_overflow_temple_hex, first_ration,
          uniq_blork_the_orc, uniq_edmund
D:6:      layout_loops_ring, kennysheep_mini, minmay_temple_entry_sparse_star
D:7:      layout_basic, ebering_ghost_xom, hangedman_decor_peaks_small,
          feat_on_display
D:8:      layout_layer_cave, gammafunk_temple_overflow_pools, david_lair_generic
D:9:      layout_basic, nicolae_overflow_crystal_walls, serial_shops,
          nicolae_shop_behind_doors, shop, shop, nicolae_shop_window_shopping,
          shop
D:10:     layout_loops_corners, zombieorc2_lemuel, basic_altar
D:11:     minmay_the_grid_octo_2x2 [minmay_the_grid_octo_vomiting_pacman,
          minmay_the_grid_octo_77, minmay_the_grid_octo_tetromino_candy,
          minmay_the_grid_octo_prize_square_snowflake], layout_irregular_city

Skill      XL: |  1  2  3  4  5  6  7  8  9 10 11 |
---------------+----------------------------------+-----
Axes           | 3 4 5 6 8 9 11 13 16 18 | 18.6
Fighting       | 7 8 |  8.9
Invocations    | 1 |  1.2
Armour         | |  3.2
Shields        | |  3.2

Action                   |  1- 3 |  4- 6 |  7- 9 | 10-12 || total
-------------------------+-------+-------+-------+-------++-------
Melee: War axe           |   102 |    92 |   361 |   400 ||   955
       Flail             |       |    29 |     7 |       ||    36
 Abil: Evoke Berserk Rag |       |       |     1 |       ||     1
  Use: Scroll            |       |     3 |       |     9 ||    12
       Potion            |       |       |     3 |     2 ||     5
 Stab: Invisible         |       |       |     3 |       ||     3
  Eat: Chunk             |     3 |     4 |     8 |    15 ||    30
       Ration            |       |       |     2 |     1 ||     3
Armor: Scale mail        |    35 |    69 |    60 |       ||   164
       Ring mail         |       |       |    56 |   114 ||   170
Dodge: Dodged            |    23 |    45 |    82 |    97 ||   247
Block: Shield            |    44 |    78 |   159 |   199 ||   480
